 Dungeon Crawl Stone Soup version 0.30-a0-304-gdc4b735fe1 (webtiles) character file.

Game seed: 113642987266412539

567 Kirk the Chopper (level 7, -7/55 HPs)
             Began as a Formicid Fighter on Oct 20, 2022.
             Was an Initiate of Okawaru.
             Mangled by an ogre
             ... wielding a +0 giant club
              (28 damage)
             ... on level 5 of the Dungeon.
             The game lasted 00:06:25 (3754 turns).

Kirk the Chopper (Formicid Fighter)                 Turns: 3754, Time: 00:06:26

Health: -7/55      AC:  8    Str: 22    XL:     7   Next: 59%
Magic:  7/7        EV:  9    Int:  8    God:    Okawaru [......]
Gold:   190        SH:  5    Dex: 13    Spells: 6/6 levels left

rFire   . . .      SeeInvis +    d - +4 hand axe
rCold   . . .      Faith    .    c - +0 buckler
rNeg    . . .      Spirit   .    b - +0 scale mail
rPois   .          Reflect  .    (helmet unavailable)
rElec   .          Harm     .    (no cloak)
rCorr   .          Rampage  .    n - +0 pair of gloves
Will    .....                    (no boots)
Stlth   ..........               q - amulet of the acrobat
HPRegen 0.29/turn                (no ring)
MPRegen 0.10/turn                (no ring)

@: no status effects
A: permanent stasis, dig shafts and tunnels, antennae 3, four strong arms
a: Dig, Shaft Self, Renounce Religion


You were on level 5 of the Dungeon.
You worshipped Okawaru.
Okawaru was noncommittal.
You visited 1 branch of the dungeon, and saw 5 of its levels.

You collected 190 gold pieces.

Inventory:

Hand Weapons
 a - a +0 war axe
 d - a +4 hand axe (weapon)
 j - the +8 sling of Ignis's Wrath {vorpal, Str+2 Dex+7 Stlth+}
   (You found it on level 3 of the Dungeon)

   Any ammunition fired from it inflicts extra damage upon your enemies.
   Str:       It affects your strength (+2).
   Dex:       It affects your dexterity (+7).
   Stlth:     It makes you more stealthy.
Missiles
 k - 39 stones
Armour
 b - a +0 scale mail (worn)
 c - a +0 buckler (worn)
 n - a +0 pair of gloves (worn)
Magical Staves
 h - a staff of cold
Jewellery
 f - a ring of flight
 g - a ring of ice
 q - an amulet of the acrobat (around neck)
Potions
 e - 4 potions of heal wounds
 i - a potion of brilliance {unknown}
 l - 4 potions of flight {unknown}
 o - 2 potions of curing
 p - a potion of lignification {unknown}
 r - a potion of attraction {unknown}


   Skills:
 + Level 4.7 Fighting
 + Level 5.8 Axes
 + Level 5.1 Armour
 + Level 4.9 Shields


You had 6 spell levels left.
You didn't know any spells.
Your spell library contained the following spells:

 Spells                   Type           Power      Damage    Failure   Level
 Apportation              Tloc           0%         N/A       78%         1
 Magic Dart               Conj           0%         1d3       78%         1
 Necrotise                Necr           0%         1d4       78%         1
 Searing Ray              Conj           0%         2d4       89%         2
 Fulminant Prism          Conj/Hex       0%         3d6       100%        4
 Summon Small Mammal      Summ           Unusable   N/A       N/A         1

Dungeon Overview and Level Annotations

Branches:
Dungeon (5/15)
 Temple: D:4-7

Altars:
Elyvilon
Makhleb
Okawaru
Uskayaw
Zin
The Shining One


Innate Abilities, Weirdness & Mutations

You cannot be hasted, slowed, berserked, paralysed or teleported.
You can dig through walls and to a lower floor.
You have a pair of large antennae on your head. (SInv)
Your four strong arms can wield two-handed weapons with a shield.


Message History

The javelin pierces through the water moccasin.
The water moccasin is lightly wounded.
An ogre comes into view. It is wielding a +0 giant club.
Unknown command.
You barely miss the water moccasin.
The water moccasin is lightly wounded.
The ogre shouts!
The water moccasin bites you!
You slash the water moccasin!
The water moccasin is heavily wounded.
The water moccasin closely misses you.
The water moccasin bites you but does no damage.
You slash the water moccasin!
You kill the water moccasin!
Okawaru accepts your kill.
Your Armour skill increases to level 5!
Found 9 gold pieces.
You hit the ogre.
The ogre is lightly wounded.
The ogre hits you with a +0 giant club!
You hit the ogre.
The ogre is moderately wounded.
You slash the ogre!
The ogre is heavily wounded.
The ogre barely misses you.
You barely miss the ogre.
The ogre is heavily wounded.
The ogre hits you with a +0 giant club!!
You are too injured to fight recklessly!
You slash the ogre!
The ogre is severely wounded.
The ogre barely misses you.
Unknown command.
You hit the ogre.
The ogre is severely wounded.
You hit the ogre.
The ogre is almost dead.
The ogre hits you with a +0 giant club!!
Ouch! That really hurt!
You die...

....##............#####
#.....†.................
#......####............
....... ##..#....###
.####..####...#....# #
#....#....#....#
.....##.....###.###
###..##$.#..# #.#
.......@###......
......O.# .......
......... .......#
................##
.(.(............#
.#####...... ...#
........ ##.....$.


You could see an ogre.

Vanquished Creatures
  2 water moccasins
  A hound (D:3)
  An orc priest (D:3)
  5 orc wizards
  3 gnolls (D:3)
  6 adders
  A worm (D:3)
  5 dart slugs
  9 orcs
  4 ball pythons
  5 bats
  10 endoplasms
  3 giant cockroaches (D:1)
  8 hobgoblins
  4 quokkas
  5 frilled lizards
  8 goblins
  12 kobolds
  8 rats
100 creatures vanquished.

Vanquished Creatures (others)
  2 bushes (D:3)
  7 fungi (D:1)
  13 plants (D:3)
22 creatures vanquished.

Grand Total: 122 creatures vanquished

Notes
Turn   | Place    | Note
-------+----------+-------------------------------------------
     0 | D:1      | Kirk the Formicid Fighter began the quest for the Orb.
     0 | D:1      | Reached XP level 1. HP: 18/18 MP: 1/1
    58 | D:1      | Reached XP level 2. HP: 24/24 MP: 2/2
   291 | D:1      | Reached XP level 3. HP: 29/29 MP: 3/3
   813 | D:2      | Found a burning altar of Makhleb.
   894 | D:2      | Reached XP level 4. HP: 37/37 MP: 4/4
  1477 | D:3      | Reached XP level 5. HP: 16/42 MP: 5/5
  1587 | D:3      | Noticed a water moccasin
  1604 | D:3      | Found a faded altar of an unknown god.
  1730 | D:3      | Identified the +8 sling of Ignis's Wrath {vorpal, Str+2
                  | Dex+7 Stlth+}
  1914 | D:3      | Reached XP level 6. HP: 48/48 MP: 6/6
  1984 | D:3      | Killed a water moccasin
  2097 | D:3      | Noticed a +0 dagger
  2098 | D:3      | Noticed a +0 hand axe
  2101 | D:3      | Found a hide-covered altar of Uskayaw.
  2145 | D:3      | Found a glowing silver altar of Zin.
  2145 | D:3      | Found a white marble altar of Elyvilon.
  2145 | D:3      | Found a glowing golden altar of the Shining One.
  2236 | D:3      | Found a faded altar of an unknown god.
  2240 | D:3      | Found an iron altar of Okawaru.
  2274 | D:3      | Reached skill level 5 in Axes
  2461 | D:3      | Reached XP level 7. HP: 42/55 MP: 7/7
  3602 | D:3      | Became a worshipper of Warmaster Okawaru
  3704 | D:5      | Entered Level 5 of the Dungeon
  3741 | D:5      | Noticed a water moccasin
  3746 | D:5      | Killed a water moccasin
  3747 | D:5      | Reached skill level 5 in Armour
  3754 | D:5      | Mangled by an ogre

Illustrated notes

Levels and vault maps discovered:
D:1:      ncdulo_wetmaze, layout_loops_cross, dreamdust_mushroom_princess
D:2:      layout_basic, basic_altar
D:3:      layout_basic, good_gods_mini_temple, dancing_weapons_uskayaw,
          nicolae_overflow_ecumenical_swirl, shapermc_ecumenical_altar_pompeii,
          nicolae_concentric_dashed_squares_mild, minmay_misc_feat_roman,
          st_stairs_3, lexackson_kobold_supper
D:4:      layout_basic
D:5:      layout_rooms, chequers_temple_overflow_minitemple,
          minmay_temple_entry_large_hall, biasface_ghost_orc_armoury

Skill      XL: |  1  2  3  4  5  6  7 |
---------------+----------------------+-----
Axes           | 3 4 5 |  5.8
Fighting       | 4 |  4.7
Armour         | 4 5 |  5.1
Shields        | |  4.9

Action                   |  1- 3 |  4- 6 |  7- 9 || total
-------------------------+-------+-------+-------++-------
Melee: War axe           |    83 |    63 |       ||   146
       Hand axe          |       |    58 |    51 ||   109
Throw: Javelin           |       |       |     2 ||     2
  Use: Scroll            |       |     6 |     4 ||    10
       Potion            |       |     3 |       ||     3
Armor: Scale mail        |    39 |    53 |    13 ||   105
Dodge: Dodged            |    45 |    51 |    18 ||   114
Block: Buckler           |    23 |    22 |     4 ||    49

Table legend: (Time is in decaauts)
 A = Elapsed time spent in this place.
 B = Non-inter-level travel time spent in this place.
 C = Inter-level travel time spent in this place.
 D = Time resting spent in this place.
 E = Time spent auto-exploring this place.
 F = Levels seen in this place.
 G = Mean time per level.
                   A        B        C        D        E       F      G
               +--------+--------+--------+--------+--------+-----+--------+
         Total |   3836 |   3370 |    466 |    277 |   2357 |   5 |  767.2 |
       Dungeon |   3836 |   3370 |    466 |    277 |   2357 |   5 |  767.2 |
               +--------+--------+--------+--------+--------+-----+--------+

Top non-repeatable levels by time:
     D:3: 1295 daAuts
     D:4: 1092 daAuts
     D:1: 843 daAuts
     D:2: 554 daAuts
     D:5: 51 daAuts
